 Dungeon Crawl Stone Soup version 0.31-a0-239-g0a1456f148 (webtiles) character file.

Game seed: 6636344226461251715

64 qw the Shooter (level 4, -1/26 HPs)
             Began as a Gargoyle Hexslinger on July 11, 2023.
             Slain by a gnoll
             ... wielding a +0 whip
              (2 damage)
             ... on level 3 of the Dungeon.
             The game lasted 00:00:44 (1410 turns).

qw the Shooter (Gargoyle Hexslinger)                Turns: 1410, Time: 00:00:44

Health: -1/26      AC:  8    Str: 10 (12) XL:     4   Next: 12%
Magic:  5/5        EV: 10    Int: 10 (13) God:
Gold:   73         SH:  0    Dex: 19 (20) Spells: 4/5 levels left

rFire   . . .        Y - +1 sling
rCold   . . .        (no shield)
rNeg    + . .        a - +0 ring mail
rPois   inf          (no helmet)
rElec   +            (no cloak)
rCorr   .            (no gloves)
SInv    .            (no boots)
Will    .....        (no amulet)
Stlth   +            h - +6 ring of dexterity
HPRegen 0.24/turn    (no ring)
MPRegen 0.09/turn

%: no passive effects
@: no status effects
A: sickness immunity, AC +3, negative energy resistance 1, electricity
resistance, torment resistance 1, petrification resistance
a: no special abilities


You were on level 3 of the Dungeon.
You visited 1 branch of the dungeon, and saw 3 of its levels.

You collected 73 gold pieces.


Innate Abilities, Weirdness & Mutations

You are immune to sickness and miasma.
Your stone body is resilient. (AC +3)
You are immune to poison.
You resist negative energy. (rN+)
You are resistant to electric shocks. (rElec)
You are resistant to unholy torment.
You are immune to petrification.


   Skills:
 - Level 2.0 Fighting
 - Level 4.0 Ranged Weapons
 + Level 0.0 Armour
 - Level 1.5 Dodging
 - Level 1.0 Spellcasting
 - Level 2.6 Hexes


You had 4 spell levels left.
You knew the following spells:

 Your Spells              Type           Power      Damage    Failure   Level
a - Slow                  Hex            20%        N/A       30%         1

Your spell library contained the following spells:

 Spells                   Type           Power      Damage    Failure   Level
 Inner Flame              Hex/Fire       3%         N/A       83%         3
 Portal Projectile        Hex/Tloc       6%         N/A       83%         3
 Cause Fear               Hex            2%         N/A       96%         4

Inventory:

Hand Weapons
 Y - a +1 sling (weapon)
Armour
 a - a +0 ring mail (worn)
Jewellery
 h - a +6 ring of dexterity (left hand)
Scrolls
 g - a scroll of identify
Potions
 b - a potion of cancellation

Dungeon Overview and Level Annotations

Branches:
Dungeon (3/15)

Altars:

Shops:
D:1 *   D:2 !

Annotations:
D:2 1 runed translucent door, Crazy Yiuf


Message History

Could not explore, unopened runed door.
(D) Dungeon
Where to? (* - list waypoints, Enter - D:3, ? - help)
What level of the Dungeon? (default 1, ? - help) Crazy Yiuf says, "Crazy?
Crazy!?
PORCUPINE!"
There is a stone staircase leading down here.
You climb downwards.
There is a stone staircase leading up here.
Found a leather armour. 2 gnolls come into view.
The gnoll shouts! x2
A gnoll comes into view. It is wielding a +0 club.
You shoot a sling bullet.
The sling bullet barely misses the gnoll.
You shoot a sling bullet. The sling bullet hits the gnoll.
The gnoll is moderately wounded.
You shoot a sling bullet.
The sling bullet closely misses the gnoll.
You shoot a sling bullet.
The sling bullet completely misses the gnoll.
The sling bullet barely misses the gnoll.
You shoot a sling bullet.
The sling bullet hits the gnoll but does no damage.
The gnoll is moderately wounded.
The gnoll hits you but does no damage.
The gnoll hits you from afar with a +0 halberd.
The gnoll hits you from afar with a +0 halberd!
The gnoll hits you with a +0 whip.
You shoot a sling bullet.
The sling bullet barely misses the gnoll. x2
The sling bullet hits the gnoll.
The gnoll is moderately wounded.
The gnoll barely misses you.
The gnoll hits you from afar with a +0 halberd.
You shoot a sling bullet.
The sling bullet barely misses the gnoll. x2
The sling bullet hits the gnoll.
The gnoll is severely wounded.
The gnoll hits you with a +0 whip.
You die...

.### #####..#
......# #.#..# .
#...(# ... .##
#..######.....
#...##.....@ggg..[.
...........###.....
###.##..##.## ...
#.....##..#### .
#..##.<....... #..
#####..... #. #####
#


You could see 3 gnolls.

Vanquished Creatures
  An adder (D:2)
  2 worms (D:2)
  An orc (D:2)
  2 ball pythons (D:1)
  4 bats
  5 endoplasms
  4 goblins
  6 hobgoblins
  8 jackals
  3 quokkas
  A frilled lizard (D:2)
  A kobold (D:1)
  2 rats (D:2)
40 creatures vanquished.

Notes
Turn   | Place    | Note
-------+----------+-------------------------------------------
     0 | D:1      | qw the Gargoyle Hexslinger began the quest for the Orb.
     0 | D:1      | Reached XP level 1. HP: 12/12 MP: 2/2
     0 | D:1      | 0 ||| qw: Version: 0.3-a-52-g30416fa
     0 | D:1      | 0 ||| qw: Game counter: 5908
     0 | D:1      | 0 ||| qw: Melee chars always use a shield: true
     0 | D:1      | 0 ||| qw: God list: Okawaru
     0 | D:1      | 0 ||| qw: Allow faded altars: false
     0 | D:1      | 0 ||| qw: Do Orc after clearing Dungeon:15 true
     0 | D:1      | 0 ||| qw: Do second Lair branch before Depths: true
     0 | D:1      | 0 ||| qw: Lair rune preference: random
     0 | D:1      | 0 ||| qw: Goals: Normal
     0 | D:1      | 0 ||| PLANNING D:1-11
    65 | D:1      | Reached XP level 2. HP: 13/16 MP: 3/3
    70 | D:1      | 70 ||| FLEEEEING.
   144 | D:1      | Found Riniass's Assorted Antiques.
   150 | D:1      | 150 ||| SHOPLISTING fizzy black potion (22 gold, have 12).
   150 | D:1      | 150 ||| SHOPLISTING helmet (112 gold, have 12).
   150 | D:1      | 150 ||| SHOPLISTING lumpy emerald potion (22 gold, have
                  | 12).
   150 | D:1      | 150 ||| SHOPLISTING scroll labelled JOUTOA BESHAEDD (25
                  | gold, have 12).
   150 | D:1      | 150 ||| SHOPLISTING scroll labelled REATEH CUOLL (25 gold,
                  | have 12).
   150 | D:1      | 150 ||| SHOPLISTING scroll labelled UFFIOKIOLU (25 gold,
                  | have 12).
   150 | D:1      | 150 ||| SHOPLISTING scroll labelled ZOUTO COAQI (25 gold,
                  | have 12).
   241 | D:1      | Reached skill level 3 in Ranged Weapons
   543 | D:1      | Reached XP level 3. HP: 21/21 MP: 4/4
   691 | D:1      | 691 ||| UPGRADING to +6 ring of dexterity.
   692 | D:1      | 692 ||| READING scroll labelled NOMUF MAOJOEJ.
   693 | D:1      | 693 ||| READING 2 scrolls labelled ZOUTO COAQI.
   694 | D:1      | 694 ||| DRINKING 2 fuming inky potions.
   695 | D:1      | 695 ||| DROPPING scroll of poison.
   696 | D:1      | 696 ||| DROPPING potion of degeneration.
   738 | D:2      | 738 ||| STAIRDANCE
   780 | D:2      | 780 ||| STAIRDANCE
   821 | D:2      | Identified the +6 spear "Poelluphu" {elec, rC+ MP+9}
   988 | D:2      | Found a runed translucent door.
   989 | D:2      | Noticed Crazy Yiuf
  1068 | D:2      | Found Xihenisu's Distillery.
  1082 | D:2      | 1082 ||| SHOPLISTING potion of heal wounds (70 gold, have
                  | 50).
  1082 | D:2      | 1082 ||| SHOPLISTING potion of might (56 gold, have 50).
  1116 | D:2      | Reached XP level 4. HP: 26/26 MP: 5/5
  1149 | D:2      | Found a faded altar of an unknown god.
  1297 | D:2      | 1297 ||| UPGRADING to +0 ring mail.
  1307 | D:2      | 1307 ||| DROPPING +0 robe.
  1308 | D:2      | 1308 ||| READING 3 scrolls of identify.
  1308 | D:2      | 1308 ||| IDENTIFYING sapphire potion
  1309 | D:2      | 1309 ||| READING 2 scrolls of identify.
  1309 | D:2      | 1309 ||| IDENTIFYING purple potion
  1310 | D:2      | 1310 ||| DROPPING potion of invisibility.
  1340 | D:3      | 1340 ||| STAIRDANCE
  1345 | D:2      | Reached skill level 4 in Ranged Weapons
  1409 | D:3      | HP: 1/26 [gnoll/+0 halberd (6)]
  1410 | D:3      | Slain by a gnoll

Levels and vault maps discovered:
D:1:      lightli_arrival_windingriver, layout_loops_ring, serial_shops,
          nicolae_shop_overgrown_old_shop
D:2:      layout_rooms, hellmonk_ecumenical_altar_defaced_shrine, serial_shops,
          nicolae_shop_peninsula, uniq_crazy_yiuf_cottage
D:3:      layout_loops_ring, mainiacjoe_overflow_paths, uniq_sigmund, uniq_robin

Skill      XL: |  1  2  3  4 |
---------------+-------------+-----
Ranged Weapons | 3 4 |  4.0
Fighting       | 2 |  2.0
Dodging        | |  1.5
Spellcasting   | |  1.0
Hexes          | |  2.6

Action                     |  1- 3 |  4- 6 || total
---------------------------+-------+-------++-------
   Fire: Sling             |   144 |    34 ||   178
    Use: Scroll            |     2 |     2 ||     4
         Potion            |     1 |       ||     1
 Armour: Robe              |    33 |     2 ||    35
         Ring mail         |       |     4 ||     4
  Dodge: Dodged            |   104 |     8 ||   112

Table legend:
 A = Non-vault XP
 B = Vault XP
 C = Vault XP percentage of total XP
 D = Non-vault monster count
 E = Vault monster count
 F = Vault count percentage of total count
                 A         B        C        D         E       F
            +---------+---------+-------+---------+---------+-------
      Total |      89 |       3 |   3.3 |      39 |       1 |   2.5
            +---------+---------+-------+---------+---------+-------
        D:1 |      44 |       0 |   0.0 |      24 |       0 |   0.0
        D:2 |      45 |       3 |   6.2 |      15 |       1 |   6.2
            +---------+---------+-------+---------+---------+-------
